TOP OF THE 1ST |
Grand Junction Rockies batting - Pitching for Johnson City Cardinals : RHP Keith Anter
|
Pitching: RHP Keith Anter
|
|
Batting: RHB Juan Figueroa
|
0-0: Ball 1-0: Fly out, F6 (Flyball, 6MD, EV 77.5 MPH)
|
Batting: LHB Chris Salim
|
0-0: Fly out, F4 (Flyball, 34D, EV 88.1 MPH)
|
Batting: LHB Zack Guillen
|
0-0: Called Strike 0-1: Ball 1-1: Foul Ball, location: 2F 1-2: Ground out 4-3 (Groundball, 4, EV 105.0 MPH)
|
Top of the 1st over - 0 runs, 0 hits, 0 errors, 0 left on base; Grand Junction 0 - Johnson City 0 |
BOTTOM OF THE 1ST |
Johnson City Cardinals batting - Pitching for Grand Junction Rockies : LHP Steve Gilliam
|
Pitching: LHP Steve Gilliam
|
|
Batting: RHB Fortunato Fteira
|
0-0: Swinging Strike 0-1: Called Strike 0-2: Ball 1-2: Ball 2-2: Ball 3-2: Strikes out swinging
|
Batting: RHB Mario Mendoza
|
0-0: Ball 1-0: Ball 2-0: Ball 3-0: Called Strike 3-1: Called Strike 3-2: Foul Ball, location: 2F 3-2: DOUBLE (Flyball, 78D, EV 98.1 MPH)
|
Batting: RHB Pat Scaturro
|
0-0: Called Strike 0-1: Called Strike 0-2: Ball 1-2: Ball 2-2: Fly out, F4 (Flyball, 4D, EV 93.8 MPH)
|
Pitching: RHP Jim Micaletti
|
|
Batting: RHB Vic Nelson
|
0-0: Ball Wild Pitch! Mario Mendoza to third 1-0: Swinging Strike 1-1: Foul Ball, location: 2F 1-2: Ground out U3 (Groundball, 3, EV 86.2 MPH)
|
Bottom of the 1st over - 0 runs, 1 hit, 0 errors, 1 left on base; Grand Junction 0 - Johnson City 0 |
TOP OF THE 2ND |
Grand Junction Rockies batting - Pitching for Johnson City Cardinals : RHP Keith Anter
|
Batting: RHB Bryce Hickman
|
0-0: SINGLE (Groundball, 6, EV 98.1 MPH)
|
Batting: LHB Harry Folsom
|
0-0: Fly out, F6 (Popup, 6MS, EV 69.4 MPH)
|
Batting: RHB Willis Morales
|
0-0: Ball 1-0: Called Strike 1-1: Ball 2-1: Ball 3-1: Called Strike 3-2: Base on Balls Bryce Hickman to second
|
Batting: SHB Jeff Sorrels
|
0-0: Ball 1-0: Ball 2-0: Called Strike 2-1: Ball Wild Pitch! Bryce Hickman to third Willis Morales to second 3-1: Foul Ball, location: 2F 3-2: DOUBLE (Groundball, 3L, EV 103.1 MPH) Bryce Hickman scores Willis Morales scores
|
Pinch Runner at 2nd Luke Coulter:
|
|
Batting: RHB Ray Insley
|
0-0: Ball 1-0: Called Strike 1-1: TRIPLE (Flyball, 78XD, EV 88.8 MPH) Luke Coulter scores
|
Batting: RHB John Stevenson
|
0-0: Ball 1-0: Called Strike 1-1: Swinging Strike 1-2: Foul Ball, location: 2F 1-2: Foul Ball, location: 2F 1-2: Ball 2-2: Fly out, F4 (Flyball, 4D, EV 89.4 MPH)
|
Batting: RHB Juan Figueroa
|
0-0: Called Strike 0-1: Ball 1-1: Called Strike 1-2: Ground out 1-3 (Groundball, P, EV 76.2 MPH)
|
Top of the 2nd over - 3 runs, 3 hits, 0 errors, 1 left on base; Grand Junction 3 - Johnson City 0 |
BOTTOM OF THE 2ND |
Johnson City Cardinals batting - Pitching for Grand Junction Rockies : RHP Jim Micaletti
|
Now at 1B: Jason Ryan
|
|
Batting: RHB Tim Cleary
|
0-0: Ball 1-0: SINGLE (Line Drive, 56D, EV 101.2 MPH)
|
Batting: RHB Austin Akers
|
0-0: Called Strike 0-1: SINGLE (Line Drive, 89S, EV 97.5 MPH) Tim Cleary to second
|
Batting: RHB Josh Broome
|
0-0: Ball 1-0: Ball 2-0: 3-RUN HOME RUN (Line Drive, 7D, EV 100.0 MPH), Distance : 402 ft
|
Batting: RHB Ray Souza
|
0-0: Foul Ball, location: 2F 0-1: Ball 1-1: Ground out 6-3 (Groundball, 6, EV 103.8 MPH)
|
Batting: RHB Kyle Burns
|
0-0: Called Strike 0-1: Ball 1-1: SINGLE (Line Drive, 89S, EV 96.2 MPH)
|
Batting: RHB Fortunato Fteira
|
0-0: Called Strike 0-1: DOUBLE (Line Drive, 89D, EV 109.4 MPH) Kyle Burns to third
|
Batting: RHB Mario Mendoza
|
0-0: Swinging Strike 0-1: Fly out, F8 (Flyball, 8RXD, EV 101.9 MPH) Runner from 3rd tags up, SCORES, no throw by CF Fortunato Fteira to third
|
Batting: RHB Pat Scaturro
|
0-0: Called Strike 0-1: Ball 1-1: Ball 2-1: DOUBLE (Flyball, 8LXD, EV 105.0 MPH) Fortunato Fteira scores
|
Batting: RHB Vic Nelson
|
0-0: Ball 1-0: Ground out 4-3 (Groundball, 4, EV 91.2 MPH)
|
Bottom of the 2nd over - 5 runs, 6 hits, 0 errors, 1 left on base; Grand Junction 3 - Johnson City 5 |
TOP OF THE 3RD |
Grand Junction Rockies batting - Pitching for Johnson City Cardinals : RHP Keith Anter
|
Batting: LHB Chris Salim
|
0-0: Ground out 1-3 (Groundball, 13S, EV 63.1 MPH)
|
Batting: LHB Zack Guillen
|
0-0: Ball 1-0: Ball 2-0: Ball 3-0: Ground out U3 (Groundball, 3, EV 80.0 MPH)
|
Batting: RHB Bryce Hickman
|
0-0: Foul Ball, location: 2F 0-1: Ball 1-1: Ground out 5-3 (Groundball, 56S, EV 83.1 MPH)
|
Top of the 3rd over - 0 runs, 0 hits, 0 errors, 0 left on base; Grand Junction 3 - Johnson City 5 |
BOTTOM OF THE 3RD |
Johnson City Cardinals batting - Pitching for Grand Junction Rockies : RHP Jim Micaletti
|
Batting: RHB Tim Cleary
|
0-0: Ball 1-0: Ball 2-0: Called Strike 2-1: Ball 3-1: Called Strike 3-2: Base on Balls
|
Batting: RHB Austin Akers
|
0-0: Called Strike 0-1: Ball 1-1: Ball Tim Cleary is caught stealing 2nd base 2-4 2-1: Foul Ball, location: 2F 2-2: DOUBLE (Flyball, 8LXD, EV 105.0 MPH)
|
Batting: RHB Josh Broome
|
0-0: Ball Austin Akers steals 3rd base 1-0: Ball 2-0: Foul Ball, location: 2F 2-1: Foul Ball, location: 2F 2-2: Ball 3-2: Base on Balls
|
Batting: RHB Ray Souza
|
0-0: Ball Josh Broome steals 2nd base (no throw) 1-0: Foul Ball, location: 2F 1-1: Ball 2-1: Ball 3-1: Called Strike 3-2: Ground out 5-3 (Groundball, 56S, EV 83.8 MPH) Austin Akers scores
|
Batting: RHB Kyle Burns
|
0-0: Ball 1-0: Ball 2-0: Ball 3-0: Called Strike 3-1: Called Strike 3-2: Base on Balls
|
Batting: RHB Fortunato Fteira
|
0-0: Ball Wild Pitch! Josh Broome to third Kyle Burns to second 1-0: Ball 2-0: Ball 3-0: Called Strike 3-1: Base on Balls
|
Pitching: RHP Josh Lofgreen
|
|
Batting: RHB Mario Mendoza
|
0-0: Ball 1-0: Ground out U3 (Groundball, 3, EV 83.1 MPH)
|
Bottom of the 3rd over - 1 run, 1 hit, 0 errors, 3 left on base; Grand Junction 3 - Johnson City 6 |
TOP OF THE 4TH |
Grand Junction Rockies batting - Pitching for Johnson City Cardinals : RHP Keith Anter
|
Batting: LHB Harry Folsom
|
0-0: Foul Ball, location: 2F 0-1: Ball 1-1: Ball 2-1: Foul Ball, location: 2F 2-2: Ground out 3-1 (Groundball, 34S, EV 67.5 MPH)
|
Batting: RHB Willis Morales
|
0-0: Foul Ball, location: 2F 0-1: Ball 1-1: Called Strike 1-2: Hit by Pitch
|
Batting: LHB Jason Ryan
|
0-0: Ball 1-0: Called Strike Willis Morales steals 2nd base (no throw) 1-1: Ball 2-1: Swinging Strike 2-2: Hit by Pitch
|
Batting: RHB Ray Insley
|
0-0: Ball 1-0: Ball 2-0: Ball 3-0: Swinging Strike 3-1: Base on Balls Willis Morales to third Jason Ryan to second
|
Batting: RHB John Stevenson
|
0-0: Fly out, F8 (Flyball, 8LXD, EV 105.0 MPH) Runner from 3rd tags up, SCORES, no throw by CF
|
Batting: RHB Juan Figueroa
|
0-0: Foul Ball, location: 2F 0-1: Ball 1-1: Ground out 4-3 (Groundball, 34D, EV 107.5 MPH)
|
Top of the 4th over - 1 run, 0 hits, 0 errors, 2 left on base; Grand Junction 4 - Johnson City 6 |
BOTTOM OF THE 4TH |
Johnson City Cardinals batting - Pitching for Grand Junction Rockies : RHP Josh Lofgreen
|
Batting: RHB Pat Scaturro
|
0-0: Called Strike 0-1: Reached on error, E3 (Groundball, 34, EV 97.5 MPH)
|
Batting: RHB Vic Nelson
|
0-0: Called Strike 0-1: Fielders Choice at 2nd, 3-6 (Groundball, 34, EV 81.9 MPH)
|
Batting: RHB Tim Cleary
|
Balk! Vic Nelson to second 0-0: Ball 1-0: Ball 2-0: Ball 3-0: Called Strike 3-1: Base on Balls
|
Batting: RHB Austin Akers
|
0-0: Ball 1-0: Swinging Strike 1-1: Foul Ball, location: 2F 1-2: Ball 2-2: Fly out, F7 (Flyball, 78XD, EV 108.8 MPH)
|
Batting: RHB Josh Broome
|
0-0: Called Strike 0-1: Called Strike 0-2: Fly out, F9 (Flyball, 9, EV 84.4 MPH)
|
Bottom of the 4th over - 0 runs, 0 hits, 1 error, 2 left on base; Grand Junction 4 - Johnson City 6 |
TOP OF THE 5TH |
Grand Junction Rockies batting - Pitching for Johnson City Cardinals : RHP Keith Anter
|
Batting: LHB Chris Salim
|
0-0: DOUBLE (Line Drive, 78M, EV 94.4 MPH)
|
Batting: LHB Zack Guillen
|
0-0: Foul Ball, location: 2F 0-1: Ball 1-1: Foul Ball, location: 2F 1-2: Ground out 6-3 (Groundball, 4M, EV 78.8 MPH) Chris Salim to third
|
Batting: RHB Bryce Hickman
|
0-0: Ball 1-0: Foul Ball, location: 2F 1-1: Ball 2-1: Foul Ball, location: 2F 2-2: Fly out, F7 (Line Drive, 7D, EV 93.8 MPH) Runner from 3rd tags up, SCORES, no throw by LF
|
Batting: LHB Harry Folsom
|
0-0: Fly out, F8 (Flyball, 8RS, EV 88.8 MPH)
|
Top of the 5th over - 1 run, 1 hit, 0 errors, 0 left on base; Grand Junction 5 - Johnson City 6 |
BOTTOM OF THE 5TH |
Johnson City Cardinals batting - Pitching for Grand Junction Rockies : RHP Josh Lofgreen
|
Batting: RHB Ray Souza
|
0-0: Ground out 4-3 (Groundball, 4, EV 81.9 MPH)
|
Batting: RHB Kyle Burns
|
0-0: Ball 1-0: Called Strike 1-1: Foul Ball, location: 2F 1-2: Ball 2-2: Ball 3-2: Foul Ball, location: 2F 3-2: SINGLE (Groundball, 6MS, EV 83.8 MPH) (infield hit)
|
Batting: RHB Fortunato Fteira
|
0-0: Ball 1-0: Ball 2-0: Foul Ball, location: 2F 2-1: Foul Ball, location: 2F 2-2: Ball 3-2: Ground out 4-3 (Groundball, 34D, EV 91.2 MPH) Kyle Burns to second
|
Batting: RHB Mario Mendoza
|
0-0: Foul Ball, location: 2F 0-1: Ball 1-1: Ball 2-1: Foul Ball, location: 2F 2-2: Foul Ball, location: 2F 2-2: Foul Ball, location: 2F 2-2: DOUBLE (Line Drive, 8LXD, EV 103.1 MPH) Kyle Burns scores
|
Batting: RHB Pat Scaturro
|
0-0: Swinging Strike 0-1: Ball 1-1: Foul Ball, location: 2F 1-2: Ball 2-2: Ball 3-2: Base on Balls
|
Batting: RHB Vic Nelson
|
0-0: Called Strike 0-1: Swinging Strike 0-2: Ball Wild Pitch! Mario Mendoza to third Pat Scaturro to second 1-2: Ball 2-2: DOUBLE (Groundball, 3L, EV 110.0 MPH) Mario Mendoza scores Pat Scaturro scores
|
Batting: RHB Tim Cleary
|
0-0: DOUBLE (Line Drive, 9LD, EV 103.1 MPH) Vic Nelson scores
|
Batting: RHB Austin Akers
|
0-0: Ball 1-0: Ball 2-0: Called Strike 2-1: Called Strike 2-2: Foul Ball, location: 2F 2-2: SINGLE (Groundball, 56D, EV 94.4 MPH) Tim Cleary to third Runner from 3rd tries for Home, SAFE, throw by LF to home
|
Batting: RHB Josh Broome
|
0-0: Ball Austin Akers steals 2nd base 1-0: Ground out 6-3 (Groundball, 6S, EV 70.0 MPH)
|
Bottom of the 5th over - 5 runs, 5 hits, 0 errors, 1 left on base; Grand Junction 5 - Johnson City 11 |
TOP OF THE 6TH |
Grand Junction Rockies batting - Pitching for Johnson City Cardinals : RHP Keith Anter
|
Pitching: RHP Joe Cornell
|
|
Batting: RHB Willis Morales
|
0-0: Ball 1-0: Called Strike 1-1: Ground out 6-3 (Groundball, 6, EV 85.0 MPH)
|
Batting: LHB Jason Ryan
|
0-0: Foul Ball, location: 2F 0-1: Foul Ball, location: 2F 0-2: Fly out, F7 (Flyball, 7D, EV 94.4 MPH)
|
Batting: RHB Ray Insley
|
0-0: Ball 1-0: Reached on error, E5 (Groundball, 56, EV 88.1 MPH)
|
Batting: RHB John Stevenson
|
0-0: 2-RUN HOME RUN (Flyball, 7D, EV 100.0 MPH), Distance : 376 ft
|
Batting: RHB Juan Figueroa
|
0-0: Ball 1-0: Swinging Strike 1-1: Foul Ball, location: 2F 1-2: Ball 2-2: Foul Ball, location: 2F 2-2: Fly out, F5 (Line Drive, 5, EV 72.5 MPH)
|
Top of the 6th over - 2 runs, 1 hit, 1 error, 0 left on base; Grand Junction 7 - Johnson City 11 |
BOTTOM OF THE 6TH |
Johnson City Cardinals batting - Pitching for Grand Junction Rockies : RHP Josh Lofgreen
|
Batting: RHB Ray Souza
|
0-0: Ball 1-0: Ball 2-0: Called Strike 2-1: Ball 3-1: Foul Ball, location: 2F 3-2: Ground out 5-3 (Groundball, 5S, EV 86.9 MPH)
|
Pitching: RHP Zakhar Edelman
|
|
Batting: RHB Kyle Burns
|
0-0: Ball 1-0: Foul Ball, location: 2F 1-1: Ball 2-1: Foul Ball, location: 2F 2-2: Foul Ball, location: 2F 2-2: Foul Ball, location: 2F 2-2: Foul Ball, location: 2F 2-2: Foul Ball, location: 2F 2-2: Ball 3-2: Fly out, F8 (Flyball, 78M, EV 82.5 MPH)
|
Batting: RHB Fortunato Fteira
|
0-0: Ball 1-0: Ball 2-0: Fly out, F7 (Flyball, 7LM, EV 90.6 MPH)
|
Bottom of the 6th over - 0 runs, 0 hits, 0 errors, 0 left on base; Grand Junction 7 - Johnson City 11 |
TOP OF THE 7TH |
Grand Junction Rockies batting - Pitching for Johnson City Cardinals : RHP Joe Cornell
|
Pitching: RHP Ray Strehler
|
|
Batting: LHB Chris Salim
|
0-0: Foul Ball, location: 2F 0-1: Ball 1-1: TRIPLE (Flyball, 8RXD, EV 100.0 MPH)
|
Batting: LHB Zack Guillen
|
0-0: Ball 1-0: Foul Ball, location: 2F 1-1: Ball Wild Pitch! Chris Salim scores 2-1: Foul Ball, location: 2F 2-2: Ball 3-2: Foul Ball, location: 2F 3-2: Fly out, F9 (Flyball, 89M, EV 90.0 MPH)
|
Batting: RHB Bryce Hickman
|
0-0: Called Strike 0-1: Ball 1-1: Ball 2-1: Fly out, F8 (Flyball, 89D, EV 94.4 MPH)
|
Batting: LHB Harry Folsom
|
0-0: Ball 1-0: Ground out U3 (Groundball, 3, EV 83.1 MPH)
|
Top of the 7th over - 1 run, 1 hit, 0 errors, 0 left on base; Grand Junction 8 - Johnson City 11 |
BOTTOM OF THE 7TH |
Johnson City Cardinals batting - Pitching for Grand Junction Rockies : RHP Zakhar Edelman
|
Batting: RHB Mario Mendoza
|
0-0: Ball 1-0: Called Strike 1-1: Fly out, F9 (Flyball, 89D, EV 102.5 MPH)
|
Batting: RHB Pat Scaturro
|
0-0: Fly out, F9 (Flyball, 9, EV 90.0 MPH)
|
Batting: RHB Vic Nelson
|
0-0: SINGLE (Groundball, 6MD, EV 99.4 MPH)
|
Batting: RHB Tim Cleary
|
0-0: Ball 1-0: Ground out 6-3 (Groundball, 6MS, EV 90.0 MPH)
|
Bottom of the 7th over - 0 runs, 1 hit, 0 errors, 1 left on base; Grand Junction 8 - Johnson City 11 |
TOP OF THE 8TH |
Grand Junction Rockies batting - Pitching for Johnson City Cardinals : RHP Ray Strehler
|
Pitching: LHP Kevin Turner
|
|
Batting: RHB Willis Morales
|
0-0: Ball 1-0: Ball 2-0: Ball 3-0: Foul Ball, location: 2F 3-1: Foul Ball, location: 2F 3-2: Ground out 6-3 (Groundball, 6, EV 102.5 MPH)
|
Batting: LHB Jason Ryan
|
0-0: Ball 1-0: Fly out, F6 (Popup, 6M, EV 56.9 MPH)
|
Batting: RHB Ray Insley
|
0-0: Foul Ball, location: 2F 0-1: Ball 1-1: Foul Ball, location: 2F 1-2: Ground out 5-3 (Groundball, 56, EV 80.6 MPH)
|
Top of the 8th over - 0 runs, 0 hits, 0 errors, 0 left on base; Grand Junction 8 - Johnson City 11 |
BOTTOM OF THE 8TH |
Johnson City Cardinals batting - Pitching for Grand Junction Rockies : RHP Zakhar Edelman
|
Batting: RHB Austin Akers
|
0-0: Called Strike 0-1: Ground out 1-3 (Groundball, 15S, EV 68.1 MPH)
|
Batting: RHB Josh Broome
|
0-0: Ball 1-0: Foul Ball, location: 2F 1-1: DOUBLE (Groundball, 3L, EV 98.8 MPH)
|
Batting: RHB Ray Souza
|
0-0: Ball Wild Pitch! Josh Broome to third 1-0: Called Strike 1-1: Foul Ball, location: 2F 1-2: Fly out, F3 (Popup, 34S, EV 79.4 MPH)
|
Batting: RHB Kyle Burns
|
0-0: Ball 1-0: Ball 2-0: Ball 3-0: Foul Ball, location: 2F 3-1: Base on Balls
|
Batting: RHB Fortunato Fteira
|
0-0: SINGLE (Line Drive, 34D, EV 108.1 MPH) Josh Broome scores Kyle Burns to second
|
Batting: RHB Mario Mendoza
|
0-0: Called Strike 0-1: Ground out 6-3 (Groundball, 6S, EV 70.6 MPH)
|
Bottom of the 8th over - 1 run, 2 hits, 0 errors, 2 left on base; Grand Junction 8 - Johnson City 12 |
TOP OF THE 9TH |
Grand Junction Rockies batting - Pitching for Johnson City Cardinals : LHP Kevin Turner
|
Pitching: RHP Ricky Enriquez
|
|
Batting: RHB John Stevenson
|
0-0: Ball 1-0: Ball 2-0: Foul Ball, location: 2F 2-1: Fly out, F3 (Popup, 3F, EV 75.6 MPH)
|
Batting: RHB Juan Figueroa
|
0-0: Called Strike 0-1: Called Strike 0-2: Ball 1-2: Ball 2-2: Ball 3-2: Strikes out swinging
|
Batting: LHB Chris Salim
|
0-0: Foul Ball, location: 2F 0-1: Ball 1-1: Fly out, F8 (Flyball, 8RS, EV 89.4 MPH)
|
Top of the 9th over - 0 runs, 0 hits, 0 errors, 0 left on base; Grand Junction 8 - Johnson City 12 |
|